Unix NetHack Version 5.0.0-0 post-release - last build Jul 19 2026 19:10:59 (3aa4ab31751d3886436d94b585a96704892fd477,branch:main).

Game began 2026-07-25 00:10:17, ended 2026-07-26 01:45:42.

Calendula, neutral female human Wizard

                                     -------
       ---                           |...<.|
        .                            |.....|
        .                            |......#
        .                            -----.-#
        .                                 #
                                          #
                                          ##
                                          ##
                                         ##
                                          #
      --.--                              ###
      |SS.|   # #      #####-----     ----.-
      |@S.|   ###-----  ####....+     |....|
      |SS.f######|...|  #   |...|    #|....-#
      --#--    # |....###   |...-#####.>...|
               ##....|      |...|  #  |....|
                 |...|      |...-     ------
                 -----      -+---

Calendula the Conjurer    St:12 Dx:14 Co:14 In:18 Wi:11 Ch:9  Neutral
Dlvl:4  $:293 HP:0(33) Pw:25(47) AC:7  Xp:5 T:2991  Satiated

Latest messages:
 You hit the rock mole!
 You kill the rock mole!
 You see here 21 gold pieces.
 $ - 21 gold pieces (286 in total).
 The door opens.
 The door resists!
 The door opens.
 You see here 7 gold pieces.
 In what direction? 4
 The spell hits the giant rat!
 You kill the giant rat!
 $ - 7 gold pieces (293 in total).
 You see here a cream pie.
 o - a cream pie.
 Drink from the fountain? [yn] (n) y
 An endless stream of snakes pours forth!
 Drink from the fountain? [yn] (n) n
 What do you want to drink? [fghs or ?*] h
 You are suddenly moving faster.
 The water moccasin bites!
 The water moccasin bites!
 The water moccasin bites!
 The water moccasin bites!
 The water moccasin bites!
 Are you sure you want to pray? [yn] (n) y
 You begin praying to Thoth.
 You are surrounded by a shimmering light.
 The water moccasin starts to attack you, but pulls back.
 The water moccasin starts to attack you, but pulls back.
 The water moccasin starts to attack you, but pulls back.
 The water moccasin starts to attack you, but pulls back.
 The water moccasin starts to attack you, but pulls back.
 The water moccasin starts to attack you, but pulls back.
 The water moccasin starts to attack you, but pulls back.
 The water moccasin starts to attack you, but pulls back.
 The water moccasin starts to attack you, but pulls back.
 The water moccasin starts to attack you, but pulls back.
 You finish your prayer.
 You feel that Thoth is well-pleased.
 The voice of Thoth thunders: 
 "Hark, mortal!"
 "To enter the castle, thou must play the right tune!"
 What do you want to use or apply? [ck-moptuyACKM-OT or ?*] K
 Some food spills out.
 w - a slime mold.
 The water moccasin bites!
 The water moccasin bites!
 The water moccasin bites!
 You die...
 Do you want your possessions identified? [ynq] (y) q

Inventory:
 Coins    ('$')
  $ - 293 gold pieces
 Weapons  (')')
  a - a blessed +1 quarterstaff (weapon in hands)
 Armor    ('[')
  J - an uncursed +0 pair of iron shoes (being worn)
  b - an uncursed +0 cloak of magic resistance (being worn)
 Comestibles  ('%')
  w - an uncursed slime mold
  L - an uncursed cram ration
  o - an uncursed cream pie
  v - 4 uncursed food rations
  D - 3 cursed food rations
 Scrolls  ('?')
  R - a blessed scroll of blank paper
  P - an uncursed scroll of blank paper
  Q - a cursed scroll of blank paper
  j - an uncursed scroll of gold detection
  i - an uncursed scroll of light
 Spellbooks  ('+')
  k - a blessed spellbook of force bolt
  p - an uncursed spellbook of haste self
  A - an uncursed spellbook of knock
  l - an uncursed spellbook of remove curse
 Potions  ('!')
  f - an uncursed potion of see invisible
  g - a potion of holy water
  s - an uncursed potion of water
 Rings    ('=')
  e - an uncursed ring of fire resistance
  H - a cursed -1 ring of protection
  d - an uncursed ring of teleport control
  x - a cursed ring of teleportation
 Wands    ('/')
  y - a wand of fire (0:5)
  u - a wand of make invisible (0:4)
  O - a wand of striking (0:5)
  c - a wand of undead turning (0:5)
 Tools    ('(')
  K - a horn of plenty (0:12)
  M - an uncursed lock pick
  m - a magic marker (0:8)
  t - a cursed magic whistle
  N - a cursed mirror
  C - a cursed skeleton key
 Gems/Stones  ('*')
  B - 3 uncursed worthless pieces of green glass
  r - an uncursed worthless piece of orange glass
  S - an uncursed worthless piece of yellow glass
  q - an uncursed worthless piece of yellowish brown glass
  T - an uncursed luckstone

Calendula the Wizard's attributes:

Background:
 You were a Conjurer, a level 5 female human Wizard.
 You were neutral, on a mission for Thoth
 who was opposed by Ptah (lawful) and Anhur (chaotic).
 You were left-handed.
 You were in the Dungeons of Doom, on level 4.
 You entered the dungeon 2991 turns ago.
 It was nighttime.
 You had 234 experience points, 86 more were needed to attain level 6.

Basics:
 You had 0 out of 33 hit points.
 You had 25 out of 47 energy points (spell power).
 Your armor class was 7.
 Your wallet contained 293 zorkmids.
 Autopickup was off.

Final Characteristics:
 Your strength was 12 (limit:18/100).
 Your dexterity was 14 (limit:18).
 Your constitution was 14 (limit:18).
 Your intelligence was 18 (limit:18).
 Your wisdom was 11 (limit:18).
 Your charisma was 9 (limit:18).

Final Status:
 You were satiated.
 You were unencumbered.
 You were wielding a quarterstaff.
 You had basic skill with quarterstaff.

Final Attributes:
 You were piously aligned.
 You were magic-protected.
 You saw invisible.
 You were warded.
 You were very fast.
 You were lucky.
 You had extra luck.
 Bad luck did not time out for you.
 Good luck did not time out for you.
 You are dead.

Miscellaneous:
 You didn't encounter any bones levels.
 Total elapsed playing time was 1 hour, 36 minutes and 35 seconds.

Major events:
 Turn
    1: Calendula the neutral female human Wizard entered the dungeon
 1411: attained the rank of Conjurer (level 3)
 2258: entered the Gnomish Mines
 2991: killed by a water moccasin

Spells:
 Name                 Level Category     Fail Retention
 force bolt             1   attack         0%  91%-100%
 remove curse           3   clerical      83%  76%-100%
 haste self             3   escape        83%  76%-100%
 knock                  1   matter         0%  76%-100%

Skills:
 Fighting Skills
   bare handed combat [Unskilled]
   riding             [Unskilled]
 Weapon Skills
   dagger             [Unskilled]
   knife              [Unskilled]
   axe                [Unskilled]
   short sword        [Unskilled]
   club               [Unskilled]
   mace               [Unskilled]
   quarterstaff       [Basic]
   polearms           [Unskilled]
   spear              [Unskilled]
   trident            [Unskilled]
   sling              [Unskilled]
   dart               [Unskilled]
   shuriken           [Unskilled]
 Spellcasting Skills
   attack spells      [Basic]
   healing spells     [Unskilled]
   divination spells  [Unskilled]
   enchantment spells [Basic]
   clerical spells    [Unskilled]
   escape spells      [Unskilled]
   matter spells      [Unskilled]

Voluntary challenges:
 Character rerolling was not enabled.
 You never genocided any monsters.
 You never polymorphed an object.
 You never changed form.
 You used no wishes.
Achievements:
 You entered a shop.
 You attained the rank of Conjurer.
 You entered the Gnomish Mines.

 The Dungeons of Doom: levels 1 to 4
    Level 1:
       A sink.
    Level 2:
       A food shop, a fountain, a grave.
    Level 3:
       Many fountains.
       Stairs down to The Gnomish Mines.
    Level 4: <- You were here.
       A fountain.
       Final resting place for
          you, killed by a water moccasin.
 The Gnomish Mines:
    Level 4:


Vanquished creatures:
  a ghost
  a rock mole
  a fog cloud
  2 gnome leaders
  a paper golem
  3 floating eyes
  3 dwarves
  a homunculus
  3 orc zombies
  a hobgoblin
  a giant rat
 11 gnomes
  2 geckos
  4 jackals
  2 foxes
  9 grid bugs
  5 lichens
  6 newts
57 creatures vanquished.

No species were genocided or became extinct.

Game over:
                       ----------
                      /          \
                     /    REST    \
                    /      IN      \
                   /     PEACE      \
                  /                  \
                  |    Calendula     |
                  |      293 Au      |
                  |   killed by a    |
                  |  water moccasin  |
                  |                  |
                  |                  |
                  |       2026       |
                 *|     *  *  *      | *
        _________)/\\_//(\/(/\)/\//\/|_)_______

Goodbye Calendula the Wizard...

You died in The Dungeons of Doom on dungeon level 4 with 1790 points,
and 293 pieces of gold, after 2991 moves.
You were level 5 with a maximum of 33 hit points when you died.

